 Dungeon Crawl Stone Soup version 0.17.0-7-gfadd4cc (webtiles) character file.

15997 Vatticson the Basher (level 12, -22/112 HPs)
             Began as a Minotaur Berserker on Nov 3, 2015.
             Was a High Priest of Trog.
             Killed from afar by a deep elf knight (27 damage)
             ... with a shard of ice
             ... on level 1 of the Elven Halls on Nov 8, 2015.
             The game lasted 01:39:30 (13471 turns).

Vatticson the Basher (Minotaur Berserker)          Turns: 13471, Time: 01:39:32

Health: -22/112    AC: 14    Str: 25      XL:     12   Next: 6%
Magic:  0/11       EV: 17    Int:  4      God:    Trog [*****.]
Gold:   1092       SH:  0    Dex: 10 (12) Spells: 0 memorised, 11 levels left

rFire  . . .     SeeInvis .     K - +5 great mace (protect)
rCold  + . .     Clarity  .     p - +3 leather armour {rC+}
rNeg   . . .     SustAt   .     (shield currently unavailable)
rPois  .         Gourm    .     (helmet restricted)
rElec  .         Spirit   +     q - +0 cloak
rCorr  .         Warding  .     A - +0 pair of gloves
rMut   .         Stasis   .     (no boots)
MR     ++...                    R - amulet of guardian spirit
Stlth  +.........               i - ring of protection from magic
                                e - +4 ring of slaying

@: very resistant to hostile enchantments, very unstealthy
A: retaliatory headbutt, horns 2, magic resistance 1, spit poison 1, wild magic
1, no device heal 1
a: Spit Poison, Berserk, Trog's Hand, Brothers in Arms, Burn Spellbooks,
Renounce Religion


You were on level 1 of the Elven Halls.
You worshipped Trog.
Trog was extremely pleased with you.
You were not hungry.

You visited 3 branches of the dungeon, and saw 13 of its levels.

You collected 1092 gold pieces.

Inventory:

Hand Weapons
 f - a -3 morningstar
 m - a +5 short sword
 r - a +1 mace of protection
 x - a +0 morningstar
 E - a +2 battleaxe of electrocution
 H - a +1 flail
 I - a +0 scythe of slicing
 K - a +5 great mace of protection (weapon)
 N - a +0 glaive
 W - a +0 giant spiked club
 Y - a +1 spear
Missiles
 n - 276 stones (quivered)
Armour
 b - a +0 animal skin
 h - a +0 pair of boots
 j - a cursed +0 plate armour
 k - a +3 leather armour
 p - a +3 leather armour of cold resistance (worn)
 q - a +0 cloak (worn)
 A - a +0 pair of gloves (worn)
Jewellery
 e - a +4 ring of slaying (left hand)
 g - an uncursed ring of protection from cold
 i - a ring of protection from magic (right hand)
 l - an uncursed ring of wizardry
 s - an uncursed ring of ice
 D - a +2 ring of protection
 G - a -4 ring of evasion
 R - an amulet of guardian spirit (around neck)
Wands
 y - a wand of confusion (11)
 L - a wand of confusion (13)
 T - a wand of disintegration (14)
 U - a wand of magic darts (15)
 X - a wand of disintegration (11)
Scrolls
 a - a scroll of magic mapping {unknown}
 d - 7 scrolls of remove curse
 t - 2 scrolls of fear
 B - 2 scrolls of amnesia
 F - a scroll of noise {unknown}
 J - a scroll of acquirement {unknown}
Potions
 o - a potion of cure mutation {unknown}
 u - a potion of magic
 v - a potion of poison {unknown}
 w - a potion of lignification
 z - a potion of heal wounds {unknown}
 C - 2 potions of flight
Comestibles
 c - 7 bread rations


   Skills:
 + Level 12.0 Fighting
 + Level 13.9 Maces & Flails
 + Level 0.6 Throwing
 + Level 6.2 Armour
 + Level 12.3 Dodging
 - Level 1.9 Stealth
 + Level 0.5 Evocations


You had 11 spell levels left.
You didn't know any spells.

Dungeon Overview and Level Annotations

Branches:
Dungeon (9/15)             Temple (0/1) D:7             Orc (3/4) D:9
    Elf (1/3) Orc:3
   Lair: D:8-11

Altars:
Cheibriados
Dithmenos
Nemelex Xobeh
Sif Muna
Vehumet
Xom
Yredelemnul
Zin
Beogh

Shops:
D:6 :


Innate Abilities, Weirdness & Mutations

You reflexively headbutt those who attack you in melee.
You have a pair of horns on your head.
You are resistant to hostile enchantments.
You can spit weak poison.
Your spells are a little harder to cast, but a little more powerful.
Potions and wands are less effective at restoring your health.


Message History

The deep elf high priest is lightly wounded.
The deep elf high priest hits you with a long sword!
* * * LOW HITPOINT WARNING * * *
You thump the deep elf high priest!
Your headbutt misses the deep elf high priest.
The deep elf high priest is heavily wounded.
You hit the deep elf high priest but do no damage.
The deep elf high priest is heavily wounded.
The deep elf high priest utters an invocation to its god.
You sock the deep elf high priest!
Your headbutt misses the deep elf high priest.
The deep elf high priest is severely wounded.
The deep elf high priest closely misses you.
You thump the deep elf high priest!
The deep elf high priest is almost dead.
The deep elf high priest hits you with a long sword.
* * * LOW HITPOINT WARNING * * *
The deep elf knight gestures at you while chanting.
The shard of ice hits you! You partially resist.
You die...

..'..##..'...........#
..'.. #..'.....#######
###......##....#
#......##....#
##########...########
#........... #..#########
#########..# #..@e4.....#
#e########.# #.# #.# #.#
#.# ## #.# #.. #.# #.# ###
#.###. ###.######### #.#.#
##...........#
#..#####...########.####..


You could see a deep elf knight, a deep elf high priest and a hellwing.

Vanquished Creatures
  An orc warlord (Orc:2)
  The ghost of endege the Fighter, a journeyman MiFi of Makhleb (Orc:3)
  An orc high priest (Orc:3)
  2 deep elf knights (Elf:1)
  A deep elf summoner (Elf:1)
  4 deep elf conjurers (Elf:1)
  A deep elf priest (Elf:1)
  A troll (Orc:3)
  Prince Ribbit (D:5)
  A two-headed ogre (D:8)
  Sigmund (D:5)
  A spriggan (D:8)
  8 deep elf magi
  Grum (D:8)
  2 wolves (D:8)
  A deep elf fighter (Elf:1)
  2 hungry ghosts
  2 wargs (Orc:3)
  8 orc warriors
  3 ice beasts
  11 ogres
  2 sky beasts
  2 phantoms
  3 centaurs
  6 giant frogs
  Blork the orc (D:6)
  A jelly (D:9)
  A water moccasin skeleton (D:8)
  A troll zombie (D:9)
  8 wights
  3 scorpions
  8 killer bees
  2 centaur zombies
  4 crimson imps
  A giant frog zombie (D:6)
  A quasit (D:7)
  A centaur skeleton (D:7)
  4 hounds
  Crazy Yiuf (D:2)
  19 orc wizards
  3 giant frog skeletons
  5 worker ants
  10 orc priests
  7 ogre zombies (D:9)
  A hound zombie (D:8)
  A hound skeleton (D:8)
  11 gnolls
  A worker ant zombie (D:6)
  7 adders
  A shadow imp (D:7)
  4 oozes
  2 worms (D:5)
  2 adder skeletons
  3 giant geckos
  109 orcs
  7 bats
  4 giant cockroaches
  2 gnoll zombies (D:8)
  10 goblins
  8 hobgoblins
  13 jackals
  3 quokkas
  3 giant newts
  A goblin skeleton (D:9)
  5 goblin zombies (D:9)
  2 hobgoblin skeletons (D:9)
  A hobgoblin zombie (D:9)
  A jackal skeleton (D:7)
  A jackal zombie (D:3)
  10 kobolds
  2 orc skeletons (D:9)
  14 orc zombies (D:9)
  2 quokka zombies
  6 rats
  2 fungi (D:2)
387 creatures vanquished.

Vanquished Creatures (collateral kills)
  Maud (Orc:3)
  An orc warrior (Orc:2)
  An orc wizard (Orc:2)
  An orc priest (Orc:2)
  An orc (Orc:2)
5 creatures vanquished.

Grand Total: 392 creatures vanquished

Notes
Turn   | Place    | Note
--------------------------------------------------------------
     0 | D:1      | Vatticson the Minotaur Berserker began the quest for the Orb.
     0 | D:1      | Reached XP level 1. HP: 19/19 MP: 0/0
   205 | D:1      | Reached XP level 2. HP: 21/27 MP: 1/1
   222 | D:1      | Reached skill level 4 in Maces & Flails
  1198 | D:1      | Reached XP level 3. HP: 33/33 MP: 2/2
  1301 | D:2      | Found a glowing silver altar of Zin.
  1385 | D:2      | Reached ** piety under Trog
  1425 | D:2      | Found a sparkling altar of Nemelex Xobeh.
  1720 | D:2      | Reached XP level 4. HP: 24/41 MP: 3/3
  1751 | D:2      | Noticed Crazy Yiuf
  1758 | D:2      | Killed Crazy Yiuf
  1758 | D:2      | Reached skill level 5 in Fighting
  2090 | D:3      | Reached XP level 5. HP: 48/48 MP: 4/4
  2515 | D:3      | Reached skill level 5 in Maces & Flails
  2721 | D:3      | Reached *** piety under Trog
  3062 | D:4      | Reached skill level 1 in Stealth
  3115 | D:4      | Noticed an ogre
  3119 | D:4      | Killed an ogre
  3119 | D:4      | Reached XP level 6. HP: 44/56 MP: 5/5
  3357 | D:4      | Reached skill level 6 in Fighting
  3357 | D:4      | Reached XP level 7. HP: 58/63 MP: 6/6
  3380 | D:4      | Noticed a phantom
  3391 | D:4      | Killed a phantom
  3439 | D:4      | Upgraded the game from 0.17-b1-15-g0f5fb43 to 0.17-b1-20-g63edfd6
  3529 | D:4      | Reached skill level 5 in Dodging
  3769 | D:5      | Entered Level 5 of the Dungeon
  4144 | D:5      | Noticed Sigmund
  4152 | D:5      | Killed Sigmund
  4169 | D:5      | Gained mutation: Potions and wands are less effective at restoring your health. [mutagenic meat]
  4299 | D:5      | Noticed Prince Ribbit
  4317 | D:5      | Reached XP level 8. HP: 21/71 MP: 7/7
  4699 | D:5      | Reached skill level 7 in Maces & Flails
  4949 | D:5      | Killed Prince Ribbit
  5243 | D:5      | Upgraded the game from 0.17-b1-20-g63edfd6 to 0.17.0-1-g61d176b
  5530 | D:6      | Reached **** piety under Trog
  5833 | D:6      | Reached skill level 8 in Maces & Flails
  5846 | D:6      | Found Jacyo's Book Shoppe.
  6002 | D:6      | Found a shadowy altar of Dithmenos.
  6131 | D:6      | Noticed Blork the orc
  6135 | D:6      | Killed Blork the orc
  6135 | D:6      | Reached XP level 9. HP: 79/81 MP: 8/8
  6550 | D:7      | Reached skill level 9 in Maces & Flails
  6856 | D:7      | Found a radiant altar of Vehumet.
  7261 | D:7      | Found a staircase to the Ecumenical Temple.
  7701 | D:8      | Reached ***** piety under Trog
  7877 | D:8      | Found a shimmering altar of Xom.
  7879 | D:8      | Found a snail-covered altar of Cheibriados.
  7903 | D:8      | Reached skill level 10 in Maces & Flails
  7950 | D:8      | Reached skill level 5 in Armour
  8116 | D:8      | Noticed Grum
  8128 | D:8      | Killed Grum
  8128 | D:8      | Reached XP level 10. HP: 74/91 MP: 6/9
  8140 | D:8      | Found a basalt altar of Yredelemnul.
  8477 | D:9      | Found a sparkling altar of Nemelex Xobeh.
  8832 | D:9      | Found a staircase to the Orcish Mines.
  8843 | D:9      | Reached skill level 11 in Maces & Flails
  9142 | D:9      | Reached skill level 10 in Dodging
  9168 | D:9      | Reached skill level 10 in Fighting
  9828 | Orc:1    | Entered Level 1 of the Orcish Mines
  9931 | Orc:1    | Found a deep blue altar of Sif Muna.
 10183 | Orc:2    | Received a gift from Trog
 10232 | Orc:2    | Noticed an orc warlord
 10555 | Orc:2    | Killed an orc warlord
 10555 | Orc:2    | Reached skill level 12 in Maces & Flails
 10555 | Orc:2    | Reached XP level 11. HP: 62/101 MP: 3/10
 11262 | Orc:3    | Upgraded the game from 0.17.0-1-g61d176b to 0.17.0-7-gfadd4cc
 11336 | Orc:3    | Found a roughly hewn altar of Beogh.
 11376 | Orc:3    | Noticed endege's ghost (journeyman MiFi)
 11385 | Orc:3    | Killed endege's ghost
 11429 | Orc:3    | Found a staircase to the Elven Halls.
 11445 | Orc:3    | Noticed an orc high priest
 11456 | Orc:3    | Noticed a soul eater
 11465 | Orc:3    | Killed an orc high priest
 11836 | Orc:3    | Noticed Maud
 11922 | Orc:3    | Killed Maud
 11922 | Orc:3    | Reached skill level 13 in Maces & Flails
 12249 | Elf:1    | Entered Level 1 of the Elven Halls
 12338 | Elf:1    | Noticed a deep elf summoner
 12367 | Elf:1    | Gained mutation: You can spit weak poison. [potion of mutation]
 12367 | Elf:1    | Gained mutation: Your spells are a little harder to cast, but a little more powerful. [potion of mutation]
 12367 | Elf:1    | Gained mutation: You are resistant to hostile enchantments. [potion of mutation]
 12373 | Elf:1    | Killed a deep elf summoner
 12472 | Elf:1    | Noticed a deep elf knight
 12490 | Elf:1    | Killed a deep elf knight
 12759 | Elf:1    | Noticed a deep elf knight
 12777 | Elf:1    | HP: 2/156 [something (6)]
 12780 | Elf:1    | Killed a deep elf knight
 12780 | Elf:1    | Reached XP level 12. HP: 3/112 MP: 1/11
 13426 | Elf:1    | Noticed a deep elf knight
 13428 | Elf:1    | Noticed a deep elf summoner
 13463 | Elf:1    | Noticed a deep elf high priest
 13471 | Elf:1    | HP: 5/112 [deep elf high priest/long sword (3)]
 13471 | Elf:1    | Killed from afar by a deep elf knight

Action                   |  1- 3 |  4- 6 |  7- 9 | 10-12 || total
-------------------------+-------+-------+-------+-------++-------
Melee: Mace              |    45 |    41 |       |       ||    86
       Short sword       |     4 |     3 |       |       ||     7
       Morningstar       |       |    35 |   249 |   206 ||   490
       Great mace        |       |       |       |   204 ||   204
Throw: Stone             |       |     3 |       |       ||     3
       Throwing net      |       |       |     2 |     1 ||     3
Invok: Trog's Hand       |     1 |     1 |     1 |     2 ||     5
       Berserk           |       |       |     1 |     1 ||     2
       Burn Spellbooks   |       |       |     1 |     1 ||     2
       Brothers in Arms  |       |       |       |     3 ||     3
 Abil: Spit Poison       |       |       |       |     1 ||     1
Evoke: Wand              |       |       |       |     1 ||     1
  Use: Scroll            |     2 |     5 |    11 |    12 ||    30
       Potion            |       |       |     5 |     6 ||    11
 Stab: Sleeping          |       |       |    10 |     1 ||    11
       Invisible         |       |       |       |     1 ||     1
       Held in net/web   |       |       |       |     1 ||     1
  Eat: Bread ration      |     1 |       |     2 |     3 ||     6
       Beef jerky        |       |     2 |       |       ||     2
       Chunk             |       |       |     3 |     1 ||     4
       Fruit             |       |       |     1 |     2 ||     3
       Pizza             |       |       |     1 |       ||     1
       Meat ration       |       |       |     1 |     2 ||     3
